 Dungeon Crawl Stone Soup version 0.23.2-30-g0e89c35649 (webtiles) character file.

Game seed: 8638710767551865873

86241 Mrkan the Severer (level 15, -6/137 HPs)
             Began as a Hill Orc Fighter on June 23, 2019.
             Was a High Priest of Beogh.
             Killed from afar by a thorn hunter (28 damage)
             ... with a volley of thorns
             ... on level 3 of the Swamp.
             The game lasted 01:34:08 (26417 turns).

Mrkan the Severer (Hill Orc Fighter)               Turns: 26417, Time: 01:34:09

Health: -6/137     AC: 16    Str: 24    XL:     15   Next: 86%
Magic:  21/27      EV:  6    Int:  8    God:    Beogh [*****.]
Gold:   2109       SH: 24    Dex: 14    Spells: 14/14 levels left

rFire    . . .     SeeInvis .   q - +5 broad axe (venom)
rCold    . . .     Gourm    .   m - +0 large shield
rNeg     . . .     Faith    .   B - +0 plate armour
rPois    .         Spirit   .   e - +2 hat
rElec    .         Reflect  +   (no cloak)
rCorr    .         Harm     .   o - +0 pair of gloves
MR       +....                  (no boots)
Stlth    ..........             A - +3 amulet of reflection
HPRegen  0.32/turn              w - +2 ring of strength
MPRegen  0.20/turn              T - +2 ring of protection

@: studying Poison Magic
A: walk on water
a: Smiting, Recall Orcish Followers, Give Item to Named Follower, Renounce
Religion


You were on level 3 of the Swamp.
You worshipped Beogh.
Beogh was extremely pleased with you.
You were very hungry.

You visited 4 branches of the dungeon, and saw 26 of its levels.
You also visited: Bailey.

You collected 3008 gold pieces.
You spent 899 gold pieces at shops.

Inventory:

Hand Weapons
 a - a +1 war axe of venom
 b - a +2 glaive
 c - a +3 great mace
 q - a +5 broad axe of venom (weapon)
 t - a +4 halberd of flaming
 K - a +1 halberd of venom
 Q - the +4 dagger "Morg" {pain, MR+ Int+5}
   (You found it in a bailey)

   In the hands of one skilled in necromantic magic, it inflicts extra damage on
   living creatures.
   It affects your intelligence (+5).
   It affects your resistance to hostile enchantments.
Armour
 e - a +2 hat (worn)
 m - a +0 large shield (worn)
 o - a +0 pair of gloves (worn)
 B - a +0 plate armour (worn)
Jewellery
 w - a +2 ring of strength (left hand)
 A - a +3 amulet of reflection (around neck)
 G - an uncursed amulet of guardian spirit
 P - an uncursed ring of resist corrosion
 T - a +2 ring of protection (right hand)
 W - an uncursed ring of protection from fire
Wands
 y - a wand of flame (69)
 C - a wand of acid (11)
 E - a wand of polymorph (8)
 J - a wand of digging (6)
 L - a wand of paralysis (15)
 R - a wand of random effects (29)
 Z - a wand of iceblast (32)
Scrolls
 i - 3 scrolls of fear
 r - 13 scrolls of remove curse
 u - 6 scrolls of teleportation
 x - a scroll of torment {unknown}
 z - 6 scrolls of amnesia
 H - 4 scrolls of blinking
 M - 9 scrolls of identify
 N - a scroll of fog
 O - 2 scrolls of summoning
 U - 3 scrolls of magic mapping
Potions
 d - 4 potions of might
 g - a potion of ambrosia
 h - 3 potions of lignification
 j - 6 potions of berserk rage
 k - 5 potions of invisibility
 l - 2 potions of haste
 n - 2 potions of agility
 p - 2 potions of flight
 s - 5 potions of brilliance
 D - a potion of cancellation {unknown}
 F - a potion of resistance
 I - 4 potions of curing
 S - a potion of mutation
 V - a potion of heal wounds
Books
 v - a manual of Poison Magic
Comestibles
 f - 31 rations


   Skills:
 + Level 13.9 Fighting
 - Level 18.0 Axes
 - Level 3.2 Armour
 + Level 3.3 Dodging
 * Level 15.7 Shields
 - Level 16.0 Invocations


You had 14 spell levels left.
You didn't know any spells.
Your spell library contained the following spells:

 Spells                   Type           Power        Failure   Level  Hunger
 Corpse Rot               Necr           N/A          100%        2    ###....
 Ensorcelled Hibernation  Hex/Ice        #.....       100%        2    ###....
 Poisonous Vapours        Pois/Air       #.....       100%        2    ###....
 Sublimation of Blood     Necr           #.........   100%        2    ###....
 Dazzling Spray           Conj/Hex       #.....       100%        3    ####...
 Portal Projectile        Hex/Tloc       #.....       100%        3    ####...
 Cause Fear               Hex            #.........   100%        4    #####..
 Leda's Liquefaction      Hex/Erth       #.........   100%        4    #####..
 Agony                    Necr           #.......     100%        5    ######.
 Bolt of Draining         Conj/Necr      #.........   100%        5    ######.
 Dispel Undead            Necr           #.......     100%        5    ######.
 Excruciating Wounds      Chrm/Necr      #.........   100%        5    ######.


Dungeon Overview and Level Annotations

Branches:
Dungeon (15/15)            Temple (0/1) D:5            Lair (6/6) D:9
  Swamp (3/4) Lair:2       Spider (0/4) Lair:4        Slime (0/5) Lair:6
    Orc (2/2) D:12            Elf (0/3) Orc:2        Vaults (0/5) D:13
 Depths (0/5) D:15

Altars:
Cheibriados
Elyvilon
Fedhas
Kikubaaqudgha
Vehumet
Xom
Zin
Beogh

Shops:
D:12 ?[   Orc:1 }   Orc:2 (*%*}

Annotations:
D:3 Sigmund
D:4 3 runed translucent doors, voshxx's ghost, amateur HOMo
D:5 3 runed translucent doors, Zeus21348's ghost, novice HOMo
Lair:6 2 runed translucent doors, exclusion: 2 oklob plants, voshxx's ghost, journeyman TrCK


Message History

The thorn hunter fires a volley of thorns at you.
The volley of thorns hits you!
* * * LOW HITPOINT WARNING * * *
You feel better.
The thorn hunter fires a volley of thorns at you.
The volley of thorns misses you.
Aiming: Smiting
Press: ? - help, Dir - move target cursor, f - thorn hunter Smite: a thorn hunter (water)
You smite the thorn hunter!
The thorn hunter is moderately damaged.
All of the chunks of flesh in your inventory have rotted away.
Aiming: Smiting
Press: ? - help, Dir - move target cursor, f/p - thorn hunter Smite: a thorn hunter (moderately damaged)
You smite the thorn hunter!
The thorn hunter is severely damaged.
The thorn hunter fires a volley of thorns at you.
The volley of thorns hits you!!
You die...

♣♣..≈...≈≈.$§≈≈♣ ♣
♣...≈≈≈.♣.≈♣≈≈.♣ ♣
♣♣≈≈≈o....♣P≈≈≈♣ ♣
♣≈.≈≈≈.≈.♣.♣..≈ ♣
♣♣.≈≈≈≈≈.♣♣...≈.♣≈
♣.≈f≈≈≈♣♣ . ♣≈
♣♣≈≈≈≈≈.♣ ♣.
♣?....≈.♣
♣@.≈§...♣
♣..♣♣♣..♣ ..≈♣
♣≈.♣ PP.♣♣ §≈♣
P♣≈.♣ ≈≈ ...≈≈♣
♣.≈≈.♣♣ . ≈≈.


You could see a thorn hunter and the friendly Bladwarg the orc warlord.

Vanquished Creatures
  A rakshasa (D:15)
  A vault guard (D:13)
  2 hydras
  3 centaur warriors
  2 two-headed ogres
  5 alligators
  2 death yaks
  A wizard (D:13)
  A deep troll (Orc:2)
  A swamp dragon (Swamp:2)
  A harpy (shapeshifter) (D:15)
  2 necromancers (D:13)
  2 cyclopes
  A wolf spider (D:15)
  A deep elf mage (D:13)
  2 ugly things (D:14)
  2 manticores
  2 centaur zombies
  An elephant (Lair:5)
  A torpor snail (Lair:5)
  A black mamba (Lair:4)
  A gargoyle (D:14)
  2 spiny frogs (Swamp:1)
  2 komodo dragons
  A komodo dragon (shapeshifter) (D:15)
  A kobold demonologist (D:15)
  5 trolls
  3 hornets
  2 tyrant leeches
  A dancing weapon (Swamp:2)
  A wind drake (shapeshifter) (D:15)
  A bog body (Swamp:1)
  2 blink frogs (Lair:6)
  12 slime creatures
  3 dream sheep (Lair:6)
  2 hippogriffs
  2 spriggans
  A redback (Lair:4)
  4 shadows
  A wraith (D:14)
  10 yaks
  2 hogs (D:14)
  11 humans (D:13)
  2 hungry ghosts
  5 vampire mosquitoes
  4 swamp worms
  An acid dragon (D:12)
  2 water moccasins
  A black bear (D:4)
  An orc warrior (Bailey)
  A porcupine (Lair:5)
  2 sky beasts
  2 phantoms
  A swamp drake (Swamp:2)
  2 ice beasts
  An eye of draining (D:15)
  2 wolves (Lair:5)
  4 centaurs
  4 boggarts (D:15)
  6 ogres
  2 crocodiles
  A big kobold (D:13)
  A gnoll sergeant (D:8)
  8 bullfrogs
  A wyvern skeleton (D:4)
  2 scorpions
  3 killer bees (D:11)
  2 wights (D:10)
  A vampire bat (Orc:2)
  2 bullfrog zombies
  A lava snake (D:10)
  4 crimson imps
  6 centaur skeletons
  5 hounds
  3 bullfrog skeletons
  2 jellies
  An orc priest (D:3)
  4 iguanas
  7 worker ants
  7 orc wizards
  A killer bee zombie (D:8)
  A hound zombie (D:7)
  A hound skeleton (D:7)
  4 gnolls
  15 adders
  A river rat (D:5)
  5 shadow imps
  2 oozes
  2 worms
  2 dart slugs (D:2)
  3 leopard geckos
  28 orcs
  5 ball pythons
  7 bats
  9 giant cockroaches
  7 hobgoblins
  4 jackals
  16 kobolds
  6 quokkas
  4 frilled lizards
  16 goblins
  A quokka skeleton (D:4)
  8 rats
  5 briar patches (Swamp:2)
  A bush (Lair:6)
  2 fungi
  4 plants (Lair:6)
369 creatures vanquished.

Vanquished Creatures (collateral kills)
  Jorgrun (Orc:1)
  Kirke (D:14)
  A thorn hunter (Swamp:2)
  A rakshasa (D:14)
  Harold (Lair:1)
  2 vault guards (D:13)
  A ghost crab (Swamp:1)
  13 death yaks
  2 shambling mangroves
  9 two-headed ogres
  2 ogre magi (Orc:2)
  5 alligators
  An orc high priest (Orc:2)
  Urug (Orc:1)
  A deep troll (Orc:2)
  3 unseen horrors
  3 swamp dragons (Swamp:1)
  2 wizards (D:13)
  A necromancer (D:13)
  An orc sorcerer (Orc:2)
  2 ugly things
  A guardian serpent (shapeshifter) (D:15)
  A black mamba (Lair:6)
  2 elephants (Lair:5)
  2 cyclopes
  A gargoyle (D:13)
  A torpor snail (Lair:2)
  A guardian serpent (D:11)
  2 centaur skeletons
  5 spiny frogs
  A rime drake (Lair:5)
  7 komodo dragons
  3 hornets (Swamp:1)
  3 tyrant leeches
  A dancing weapon (Swamp:2)
  10 trolls
  2 blink frogs (Lair:6)
  8 hippogriffs
  8 slime creatures
  6 bog bodies
  A dream sheep (Lair:6)
  A redback (Lair:4)
  2 shadows
  A hog (D:14)
  12 yaks
  A wraith (D:14)
  5 humans (D:13)
  A basilisk (Lair:5)
  2 hungry ghosts
  2 steam dragons
  6 vampire mosquitoes
  A warg (D:12)
  4 swamp worms
  2 acid dragons (Lair:5)
  4 water moccasins
  A porcupine (Lair:2)
  5 orc warriors
  A swamp drake (Lair:5)
  7 wolves
  21 ogres
  4 crocodiles
  2 big kobolds
  4 bullfrogs
  3 killer bees (D:11)
  A wight (D:10)
  2 howler monkeys (D:11)
  2 electric eels
  2 lava snakes (D:10)
  5 crimson imps
  A quasit (D:11)
  A centaur zombie (D:10)
  5 orc priests
  A bullfrog skeleton (D:12)
  A gnoll shaman (Orc:2)
  4 jellies
  An iguana (D:10)
  6 orc wizards
  2 worker ants
  A worker ant zombie (D:9)
  5 gnolls (Orc:2)
  5 oozes (D:14)
  14 orcs
  A quokka (D:10)
  2 bats (Orc:2)
  6 kobolds
  A bush (Lair:6)
  12 fungi
  23 plants
316 creatures vanquished.

Vanquished Creatures (others)
  4 orc knights
  A cyclops (Orc:2)
  A spriggan (Swamp:1)
  A hog (D:14)
  A swamp worm (Swamp:1)
  10 orc warriors
  A phantom (D:10)
  A centaur (D:12)
  10 orc priests
  9 orc wizards
  47 orcs
  5 kobolds
  A frilled lizard (D:3)
  2 briar patches (Swamp:3)
  2 fungi (Lair:6)
  6 plants (Lair:6)
102 creatures vanquished.

Grand Total: 787 creatures vanquished

Notes
Turn   | Place    | Note
-------+----------+-------------------------------------------
     0 | D:1      | Mrkan the Hill Orc Fighter began the quest for the Orb.
     0 | D:1      | Reached XP level 1. HP: 19/19 MP: 1/1
    32 | D:1      | Reached skill level 3 in Axes
    71 | D:1      | Reached XP level 2. HP: 14/27 MP: 2/2
   432 | D:1      | Reached XP level 3. HP: 33/33 MP: 3/3
   733 | D:2      | Reached skill level 4 in Axes
   804 | D:2      | Reached XP level 4. HP: 28/40 MP: 4/4
   980 | D:2      | Found a blossoming altar of Fedhas.
  1445 | D:3      | Became a worshipper of Beogh the Brigand
  1476 | D:3      | Reached skill level 5 in Axes
  1602 | D:3      | Noticed Sigmund
  1612 | D:3      | Reached XP level 5. HP: 12/47 MP: 5/5
  1620 | D:3      | HP: 2/47 [something/magic dart (7)]
  1701 | D:3      | Noticed a centaur
  2142 | D:3      | Killed a centaur
  2142 | D:3      | Reached skill level 1 in Invocations
  2142 | D:3      | Reached XP level 6. HP: 12/55 MP: 5/7
  2733 | D:4      | Reached skill level 5 in Fighting
  2733 | D:4      | Reached skill level 6 in Axes
  2894 | D:4      | Noticed a black bear
  2905 | D:4      | Killed a black bear
  2905 | D:4      | Reached XP level 7. HP: 35/61 MP: 7/9
  2955 | D:4      | Reached skill level 7 in Axes
  2955 | D:4      | Reached skill level 5 in Shields
  3086 | D:4      | Found a snail-covered altar of Cheibriados.
  3311 | D:4      | Reached * piety under Beogh
  3405 | D:4      | Found a runed translucent gate.
  3405 | D:4      | Found a runed translucent gate.
  3405 | D:4      | Found a runed translucent gate.
  3405 | D:4      | Noticed voshxx's ghost (amateur HOMo)
  3443 | D:5      | Entered Level 5 of the Dungeon
  3474 | D:5      | Found a runed translucent gate.
  3474 | D:5      | Found a runed translucent gate.
  3474 | D:5      | Found a runed translucent gate.
  3474 | D:5      | Noticed Zeus21348's ghost (novice HOMo)
  3495 | D:5      | Reached skill level 8 in Axes
  3495 | D:5      | Reached XP level 8. HP: 70/70 MP: 9/11
  3719 | D:5      | Found a radiant altar of Vehumet.
  3970 | D:5      | Found a staircase to the Ecumenical Temple.
  4194 | D:5      | Reached ** piety under Beogh
  4503 | D:6      | Reached skill level 9 in Axes
  4503 | D:6      | Reached skill level 5 in Invocations
  4739 | D:6      | Got a translucent falchion
  4740 | D:6      | Identified the +7 falchion of the Vendetta {antimagic,
                  | rPois SInv} (You found it on level 6 of the Dungeon)
  5313 | D:7      | Reached XP level 9. HP: 79/79 MP: 13/13
  5333 | D:7      | Reached skill level 10 in Axes
  6589 | D:8      | Reached *** piety under Beogh
  6614 | D:8      | Identified the +1 robe "Tocaz" {MR+ SInv}
  7179 | D:9      | Found a staircase to the Lair.
  7206 | D:9      | Reached skill level 11 in Axes
  7864 | D:9      | Got a heavily runed chain mail
  7875 | D:9      | Identified the +3 chain mail of the Tundras {rC+} (You
                  | found it on level 9 of the Dungeon)
  8055 | D:10     | Entered Level 10 of the Dungeon
  8088 | D:10     | Reached XP level 10. HP: 65/89 MP: 15/15
  8112 | D:10     | Found a flagged portal.
  8137 | Bailey   | Entered a bailey
  8157 | Bailey   | Noticed an orc warlord
  8189 | Bailey   | Found the +4 dagger "Morg" {pain, MR+ Int+5}
  8221 | Bailey   | Reached **** piety under Beogh
  8251 | Bailey   | Found a runed translucent gate.
  8251 | Bailey   | Found a runed translucent gate.
  8251 | Bailey   | Found a runed translucent gate.
  8349 | Bailey   | Identified the Catalogue of Air and Curses
  8461 | D:10     | Found a white marble altar of Elyvilon.
  8510 | D:10     | Reached skill level 12 in Axes
  8928 | Lair:1   | Entered Level 1 of the Lair of Beasts
  8994 | Lair:1   | Found a gate leading to a gauntlet.
  9066 | Lair:1   | Noticed Harold
  9073 | Lair:1   | Killed Harold
  9932 | Lair:2   | Noticed a death yak
  9944 | Lair:2   | Noticed a death yak
  9944 | Lair:2   | Noticed a torpor snail
  9947 | Lair:2   | Killed a death yak
  9949 | Lair:2   | Killed a death yak
  9949 | Lair:2   | Reached skill level 13 in Axes
  9951 | Lair:2   | Killed a torpor snail
 10035 | Lair:2   | Found a staircase to the Swamp.
 10042 | Lair:2   | Reached XP level 11. HP: 75/97 MP: 17/17
 10484 | Lair:3   | Noticed a death yak
 10486 | Lair:3   | Noticed a death yak
 10489 | Lair:3   | Noticed a death yak
 10491 | Lair:3   | Noticed a death yak
 10492 | Lair:3   | Killed a death yak
 10493 | Lair:3   | Noticed a death yak
 10497 | Lair:3   | Killed a death yak
 10500 | Lair:3   | Killed a death yak
 10503 | Lair:3   | Killed a death yak
 10503 | Lair:3   | Reached skill level 10 in Fighting
 10506 | Lair:3   | Killed a death yak
 10645 | Lair:3   | Reached skill level 14 in Axes
 11333 | Lair:4   | Found a hole to the Spider Nest.
 11965 | Lair:4   | Reached skill level 10 in Invocations
 12565 | Lair:4   | Identified a scroll of acquirement
 12772 | Lair:5   | Reached ***** piety under Beogh
 12795 | Lair:5   | Gained Brandogh as an ally
 12802 | Lair:5   | Gained Boldo as an ally
 13406 | Lair:5   | Noticed a death yak
 13407 | Lair:5   | Noticed a death yak
 13414 | Lair:5   | Killed a death yak
 13415 | Lair:5   | Killed a death yak
 13825 | Lair:6   | Entered Level 6 of the Lair of Beasts
 13830 | Lair:6   | Reached XP level 12. HP: 108/108 MP: 20/20
 13835 | Lair:6   | Reached skill level 10 in Shields
 14043 | Lair:6   | Noticed a death yak
 14047 | Lair:6   | Your ally Brandogh died
 14048 | Lair:6   | Noticed a death yak
 14050 | Lair:6   | Noticed a death yak
 14055 | Lair:6   | Killed a death yak
 14062 | Lair:6   | Killed a death yak
 14062 | Lair:6   | Killed a death yak
 14118 | Lair:6   | Found a staircase to the Slime Pits.
 14151 | Lair:6   | Noticed a death yak
 14153 | Lair:6   | Noticed a death yak
 14155 | Lair:6   | Noticed a death yak
 14164 | Lair:6   | Killed a death yak
 14166 | Lair:6   | Killed a death yak
 14166 | Lair:6   | Killed a death yak
 14168 | Lair:6   | Reached skill level 15 in Axes
 14418 | Lair:6   | Found a large runed translucent door.
 14419 | Lair:6   | Found a large runed translucent door.
 14420 | Lair:6   | Noticed voshxx's ghost (journeyman TrCK)
 15465 | D:11     | Gained Bladwarg as an ally
 16162 | D:12     | Found a staircase to the Orcish Mines.
 16250 | D:12     | Found Qelatin's Magic Scroll Shoppe.
 16261 | D:12     | Bought a scroll of magic mapping for 42 gold pieces
 16261 | D:12     | Bought a scroll of enchant weapon for 90 gold pieces
 16261 | D:12     | Bought a scroll of enchant armour for 90 gold pieces
 16261 | D:12     | Bought a scroll of identify for 24 gold pieces
 16261 | D:12     | Bought a scroll of identify for 24 gold pieces
 16274 | D:12     | Reached XP level 13. HP: 118/118 MP: 21/23
 16440 | D:12     | Found Ociogex's Armour Shop.
 16964 | Orc:1    | Entered Level 1 of the Orcish Mines
 17027 | Orc:1    | Noticed Jorgrun
 17042 | Orc:1    | Killed Jorgrun
 17309 | Orc:1    | Found a roughly hewn altar of Beogh.
 17333 | Orc:1    | Noticed Urug
 17341 | Orc:1    | Killed Urug
 17403 | Orc:1    | Found Buoren's Gadget Emporium.
 17681 | Orc:2    | Entered Level 2 of the Orcish Mines
 17687 | Orc:2    | Gained Hawl as an ally
 17690 | Orc:2    | Gained Orbeogh as an ally
 17722 | Orc:2    | Reached XP level 14. HP: 119/127 MP: 25/25
 17729 | Orc:2    | Reached skill level 16 in Axes
 17730 | Orc:2    | Gained Ugrim as an ally
 17798 | Orc:2    | Reached ****** piety under Beogh
 17802 | Orc:2    | Reached skill level 15 in Invocations
 17824 | Orc:2    | Gained Koronagh as an ally
 18013 | Orc:2    | Found Gaikihav's Gadget Shoppe.
 18032 | Orc:2    | Found Apyticea's Food Shop.
 18096 | Orc:2    | Found Ycleimiv's Assorted Antiques.
 18108 | Orc:2    | Your ally Hawl died
 18112 | Orc:2    | Your ally Orbeogh died
 18115 | Orc:2    | Gained Herok as an ally
 18151 | Orc:2    | Your ally Ugrim died
 18158 | Orc:2    | HP: 6/127 [something/bolt of poison (31)]
 18533 | Orc:2    | Found Vifuikun's General Store.
 18538 | Orc:2    | Found Liech's Weapon Shop.
 18545 | Orc:2    | Bought a potion of curing for 99 gold pieces
 18559 | Orc:2    | Bought the cursed +1 demon whip of Makhleb's Favour {venom,
                  | Str+2} for 530 gold pieces
 18701 | Orc:2    | Found a staircase to the Elven Halls.
 19599 | D:13     | Found a frozen archway.
 19616 | D:13     | Gained Murdo as an ally
 19900 | D:13     | Reached skill level 17 in Axes
 19983 | D:13     | Found a gate to the Vaults.
 20746 | D:14     | Gained Syrus as an ally
 20885 | D:14     | Found a hide-covered altar of Uskayaw.
 20887 | D:14     | Found a shimmering altar of Xom.
 20887 | D:14     | Found a white marble altar of Elyvilon.
 20890 | D:14     | Found a glowing silver altar of Zin.
 20890 | D:14     | Found an ancient bone altar of Kikubaaqudgha.
 20890 | D:14     | Found a radiant altar of Vehumet.
 20941 | D:14     | Gained Murdo as an ally
 20942 | D:14     | Noticed Kirke
 20951 | D:14     | Noticed a sphinx
 20988 | D:14     | Your ally Herok died
 20995 | D:14     | Killed Kirke
 21427 | D:14     | Reached XP level 15. HP: 114/134 MP: 27/27
 21558 | D:14     | Reached skill level 18 in Axes
 21917 | D:14     | You fall through a shaft!
 21917 | D:15     | Entered Level 15 of the Dungeon
 22030 | D:15     | Found a staircase to the Depths.
 23593 | Swamp:1  | Entered Level 1 of the Swamp
 23609 | Swamp:1  | Your ally Koronagh died
 23744 | Swamp:1  | Reached skill level 1 in Dodging
 23789 | Swamp:1  | Your ally Syrus died
 24027 | Swamp:1  | Gained Wargath as an ally
 24027 | Swamp:1  | Reached skill level 15 in Shields
 24292 | Swamp:1  | Your ally Murdo died
 24333 | Swamp:1  | Your ally Murdo died
 25325 | Swamp:2  | Noticed a thorn hunter
 25343 | Swamp:2  | Killed a thorn hunter
 25677 | Swamp:2  | Was placed under penance by Beogh
 26289 | Swamp:3  | Was forgiven by Beogh
 26321 | Swamp:3  | Gained Ugbert as an ally
 26396 | Swamp:3  | Noticed a thorn hunter
 26417 | Swamp:3  | Killed from afar by a thorn hunter

Skill      XL: |  1  2  3  4  5  6  7  8  9 10 11 12 13 14 15 |
---------------+----------------------------------------------+-----
Axes           | 3 4 5 6 8 9 11 13 14 15 17 18 | 18.0
Fighting       | 4 5 6 7 8 9 10 12 13 | 13.9
Shields        | 4 5 6 7 8 9 11 13 15 | 15.7
Invocations    | 1 2 4 5 7 9 11 14 16 | 16.0
Dodging        | 3 |  3.3
Armour         | |  3.2

Action                   |  1- 3 |  4- 6 |  7- 9 | 10-12 | 13-15 || total
-------------------------+-------+-------+-------+-------+-------++-------
Melee: War axe           |   107 |   139 |   429 |   156 |       ||   831
       Broad axe         |       |       |       |   114 |   521 ||   635
Invok: Convert to Beogh  |       |     1 |       |       |       ||     1
       Smiting           |       |       |       |     2 |     9 ||    11
       Give Item to Name |       |       |       |     1 |     5 ||     6
       Recall Orcish Fol |       |       |       |     1 |     6 ||     7
       Resurrection      |       |       |       |       |     2 ||     2
Evoke: Wand              |       |       |       |       |     1 ||     1
  Use: Scroll            |       |     6 |     9 |    29 |     5 ||    49
       Potion            |       |       |     2 |     4 |    12 ||    18
 Stab: Distracted        |       |       |       |     5 |     2 ||     7
  Eat: Chunk             |       |     2 |    13 |    17 |     9 ||    41
       Ration            |       |     1 |     1 |     3 |     7 ||    12
Armor: Scale mail        |    64 |    43 |   158 |       |       ||   265
       Plate armour      |       |       |    20 |   113 |   176 ||   309
Dodge: Dodged            |    25 |    47 |    94 |    37 |    79 ||   282
Block: Shield            |    64 |    70 |   230 |   210 |   311 ||   885
       Reflection        |       |       |       |    32 |    24 ||    56
       Large shield      |       |       |       |       |   204 ||   204
